 Dungeon Crawl Stone Soup version 0.31-a0-233-g139696dc86 (webtiles) character file.

Game seed: 8620796960009561093

99 qw the Shooter (level 4, 0/36 HPs)
             Began as a Minotaur Hexslinger on July 8, 2023.
             Slain by a gnoll
             ... wielding a +0 spear
              (1 damage)
             ... on level 3 of the Dungeon.
             The game lasted 00:00:35 (1693 turns).

qw the Shooter (Minotaur Hexslinger)                Turns: 1693, Time: 00:00:35

Health: 0/36       AC:  2    Str: 12    XL:     4   Next: 45%
Magic:  4/4        EV: 12    Int: 10    God:
Gold:   999        SH:  0    Dex: 15    Spells: 4/5 levels left

rFire   . . .        Y - +1 sling
rCold   . . .        (no shield)
rNeg    . . .        c - +0 robe
rPois   .            (helmet restricted)
rElec   .            (no cloak)
rCorr   .            (no gloves)
SInv    .            (no boots)
Will    .....        (no amulet)
Stlth   +            (no ring)
HPRegen 0.26/turn    (no ring)
MPRegen 0.09/turn

%: no passive effects
@: no status effects
A: horns 2, retaliatory headbutt
a: no special abilities


You were on level 3 of the Dungeon.
You visited 1 branch of the dungeon, and saw 3 of its levels.

You collected 999 gold pieces.


Innate Abilities, Weirdness & Mutations

You have a pair of horns on your head.
You reflexively headbutt those who attack you in melee.


   Skills:
 + Level 2.1 Fighting
 - Level 5.0 Ranged Weapons
 - Level 2.1 Dodging
 - Level 1.0 Spellcasting
 - Level 2.0 Hexes


You had 4 spell levels left.
You knew the following spells:

 Your Spells              Type           Power      Damage    Failure   Level
a - Slow                  Hex            16%        N/A       16%         1

Your spell library contained the following spells:

 Spells                   Type           Power      Damage    Failure   Level
 Inner Flame              Hex/Fire       2%         N/A       56%         3
 Portal Projectile        Hex/Tloc       4%         N/A       56%         3
 Cause Fear               Hex            2%         N/A       83%         4

Inventory:

Hand Weapons
 Y - a +1 sling (weapon)
Armour
 c - a +0 robe (worn)
 e - a +0 ring mail
Potions
 a - a potion of enlightenment
 b - a potion of curing {unknown}
 d - a potion of haste {unknown}
 f - a potion of heal wounds {unknown}
 i - a potion of attraction {unknown}

Dungeon Overview and Level Annotations

Branches:
Dungeon (3/15)

Altars:
Nemelex Xobeh


Message History

You shoot a sling bullet.
The sling bullet barely misses the gnoll.
You shoot a sling bullet.
The sling bullet barely misses the gnoll.
The gnoll completely misses you.
You shoot a sling bullet.
The sling bullet barely misses the gnoll.
The gnoll hits you from afar with a +0 spear. x2
You shoot a sling bullet.
The sling bullet barely misses the gnoll.
The sling bullet closely misses the gnoll.
The gnoll barely misses you. x2
You shoot a sling bullet.
The sling bullet closely misses the gnoll.
You hear a shout!
The gnoll barely misses you. x2
You shoot a sling bullet. The sling bullet hits the gnoll.
The gnoll is lightly wounded.
The gnoll closely misses you. The gnoll barely misses you.
You shoot a sling bullet. The sling bullet hits the gnoll!
The gnoll is heavily wounded.
The gnoll hits you from afar with a +0 spear.
A gnoll comes into view. It is wielding a +0 club.
The gnoll hits you from afar with a +0 spear.
The gnoll hits you with a +0 flail. The gnoll misses you.
The gnoll hits you from afar with a +0 spear.
You shoot a sling bullet. The sling bullet hits the gnoll.
The gnoll is severely wounded.
The gnoll hits you from afar with a +0 spear.
The gnoll barely misses you.
The gnoll hits you from afar with a +0 spear.
You shoot a sling bullet. The sling bullet hits the gnoll.
The gnoll is almost dead.
The gnoll closely misses you. The gnoll barely misses you.
The gnoll hits you with a +0 flail.
You shoot a sling bullet.
The sling bullet hits the gnoll but does no damage.
The gnoll is almost dead.
The gnoll hits you from afar with a +0 spear.
You die...

###############
#....g.........#
#..gg@....>....#
#.Jg#.......^..#
#...#..........#
.
#...##.........#
.# #..g
#.........##..#
#.g.
##.........#.##
....
#............#.
##..J
##.....%.......
#.......##.##..


You could see 4 gnolls and an endoplasm (wandering).

Vanquished Creatures
  Jessica (D:2)
  2 adders (D:2)
  A worm (D:2)
  2 dart slugs
  4 orcs (D:3)
  5 endoplasms
  A giant cockroach (D:1)
  3 goblins
  2 hobgoblins
  7 kobolds
  2 quokkas
  7 ball pythons
  4 bats
  A frilled lizard (D:1)
  A rat (D:3)
43 creatures vanquished.

Notes
Turn   | Place    | Note
-------+----------+-------------------------------------------
     0 | D:1      | qw the Minotaur Hexslinger began the quest for the Orb.
     0 | D:1      | Reached XP level 1. HP: 16/16 MP: 1/1
     0 | D:1      | 0 ||| qw: Version: 0.3-a-46-gb1f654a
     0 | D:1      | 0 ||| qw: Game counter: 3601
     0 | D:1      | 0 ||| qw: Melee chars always use a shield: true
     0 | D:1      | 0 ||| qw: God list: Okawaru
     0 | D:1      | 0 ||| qw: Allow faded altars: false
     0 | D:1      | 0 ||| qw: Do Orc after clearing Dungeon:15 true
     0 | D:1      | 0 ||| qw: Do second Lair branch before Depths: true
     0 | D:1      | 0 ||| qw: Lair rune preference: random
     0 | D:1      | 0 ||| qw: Goals: Normal
     0 | D:1      | 0 ||| PLANNING D:1-11
   119 | D:1      | Reached skill level 3 in Ranged Weapons
   119 | D:1      | Reached XP level 2. HP: 14/23 MP: 2/2
   119 | D:1      | 119 ||| Stepping ~*~*~tactically~*~*~ (outnumbered).
   554 | D:1      | 554 ||| READING scroll labelled WELLIM GESYR.
   555 | D:1      | 555 ||| DROPPING scroll of poison.
   670 | D:2      | Noticed Jessica
   675 | D:2      | Killed Jessica
   676 | D:2      | Reached skill level 4 in Ranged Weapons
   676 | D:2      | Reached XP level 3. HP: 29/29 MP: 3/3
   929 | D:2      | Reached XP level 4. HP: 30/36 MP: 4/4
  1397 | D:2      | 1397 ||| READING scroll labelled JEIKKA IDDOQA.
  1398 | D:2      | 1398 ||| READING scroll labelled KAITHO XARUR.
  1398 | D:2      | Identified a scroll of acquirement
  1398 | D:2      | 1398 ||| ACQUIRING 930 gold pieces
  1398 | D:2      | Acquired 930 gold pieces
  1400 | D:2      | 1400 ||| DRINKING 2 glowing dark potions.
  1401 | D:2      | 1401 ||| DRINKING 2 smoky cyan potions.
  1440 | D:2      | 1440 ||| DROPPING potion of lignification.
  1482 | D:3      | Reached skill level 5 in Ranged Weapons
  1564 | D:3      | Found a faded altar of an unknown god.
  1592 | D:3      | Found a sparkling altar of Nemelex Xobeh.
  1681 | D:3      | 1681 ||| Stepping ~*~*~tactically~*~*~ (outnumbered).
  1683 | D:3      | 1683 ||| Stepping ~*~*~tactically~*~*~ (outnumbered).
  1691 | D:3      | HP: 8/36 [gnoll/+0 spear (5)]
  1691 | D:3      | HP: 3/36 [gnoll/+0 spear (5)]
  1692 | D:3      | HP: 1/36 [gnoll/+0 flail (3)]
  1693 | D:3      | Slain by a gnoll

Levels and vault maps discovered:
D:1:      roderic_crossed_star, layout_loops_cross
D:2:      layout_loops_ring, serial_bayou, serial_bayou_lake_a,
          serial_bayou_pond_a, serial_bayou_pond_c, serial_bayou_crossing,
          minmay_pentomino_u2, uniq_jessica
D:3:      layout_rooms, mainiacjoe_overflow_concentric_impassable,
          nicolae_overflow_crystal_walls, hellmonk_ecumenical_altar_zigzags,
          minmay_misc_feat_alley

Skill      XL: |  1  2  3  4 |
---------------+-------------+-----
Ranged Weapons | 3 4 5 |  5.0
Fighting       | 2 |  2.1
Dodging        | |  2.1
Spellcasting   | |  1.0
Hexes          | |  2.0

Action                     |  1- 3 |  4- 6 || total
---------------------------+-------+-------++-------
   Fire: Sling             |    80 |    52 ||   132
    Use: Scroll            |     1 |     2 ||     3
         Potion            |       |     2 ||     2
 Armour: Robe              |     3 |     1 ||     4
  Dodge: Dodged            |    17 |    23 ||    40

Table legend:
 A = Non-vault XP
 B = Vault XP
 C = Vault XP percentage of total XP
 D = Non-vault monster count
 E = Vault monster count
 F = Vault count percentage of total count
                 A         B        C        D         E       F
            +---------+---------+-------+---------+---------+-------
      Total |     104 |      38 |  26.8 |      41 |       2 |   4.7
            +---------+---------+-------+---------+---------+-------
        D:1 |      36 |       0 |   0.0 |      20 |       0 |   0.0
        D:2 |      48 |      38 |  44.2 |      12 |       2 |  14.3
        D:3 |      20 |       0 |   0.0 |       9 |       0 |   0.0
            +---------+---------+-------+---------+---------+-------
